 Dungeon Crawl Stone Soup version 0.30.1 (webtiles) character file.

Game seed: 170204377555660946

65 monsoonserge the Conjurer (level 3, -3/28 HPs)
             Began as a Demonspawn Reaver on July 12, 2023.
             Slain by a gnoll
             ... wielding a +0 flail
              (8 damage)
             ... on level 2 of the Dungeon on July 13, 2023.
             The game lasted 00:03:24 (1045 turns).

monsoonserge the Conjurer (Demonspawn Reaver)       Turns: 1045, Time: 00:03:25

Health: -3/28      AC:  3    Str: 12    XL:     3   Next: 92%
Magic:  6/6        EV: 11    Int: 16    God:
Gold:   61         SH:  0    Dex: 11    Spells: 5/6 levels left

rFire   . . .        j - +4 short sword
rCold   . . .        (no shield)
rNeg    . . .        b - +0 leather armour
rPois   .            (helmet restricted)
rElec   .            (no cloak)
rCorr   .            (no gloves)
SInv    .            (no boots)
Will    .....        (no amulet)
Stlth   +            i - ring of flight
HPRegen 0.24/turn    (no ring)
MPRegen 0.10/turn

%: no passive effects
@: flying
A: antennae 1, hooves 1
a: no special abilities


You were on level 2 of the Dungeon.
You visited 1 branch of the dungeon, and saw 2 of its levels.

You collected 61 gold pieces.

Inventory:

Hand Weapons
 a - a +0 mace
 j - a +4 short sword (weapon)
Missiles
 o - 5 javelins
Armour
 b - a +0 leather armour (worn)
Jewellery
 i - a ring of flight (left hand)
 k - an amulet of guardian spirit
Scrolls
 c - a scroll of noise {unknown}
 d - 3 scrolls of identify {unknown}
 e - a scroll of blinking {unknown}
 f - a scroll of enchant armour {unknown}
 g - a scroll of magic mapping {unknown}
 h - a scroll of teleportation {unknown}
 l - a scroll of poison {unknown}
 p - a scroll of immolation {unknown}
Potions
 m - 2 potions of cancellation {unknown}
 n - a potion of curing {unknown}


   Skills:
 + Level 2.8 Fighting
 + Level 1.2 Short Blades
 - Level 2.8 Maces & Flails
 + Level 0.8 Armour
 - Level 2.0 Dodging
 - Level 2.0 Spellcasting
 + Level 3.3 Conjurations
 - Level 1.0 Necromancy


You had 5 spell levels left.
You knew the following spells:

 Your Spells              Type           Power      Damage    Failure   Level
a - Kiss of Death         Conj/Necr      32%        2d7       11%         1

Your spell library contained the following spells:

 Spells                   Type           Power      Damage    Failure   Level
 Magic Dart               Conj           48%        1d5       7%          1
 Searing Ray              Conj           24%        2d5       10%         2
 Momentum Strike          Conj/Tloc      14%        3d8       21%         2
 Hailstorm                Conj/Ice       7%         3d4       36%         3
 Fulminant Prism          Conj/Hex       3%         3d5       78%         4


Dungeon Overview and Level Annotations

Branches:
Dungeon (2/15)

Altars:

Shops:
D:1 [(:   D:2 :


Innate Abilities, Weirdness & Mutations

You have a pair of small antennae on your head.
You have large cloven feet.


Message History

The gnoll is heavily wounded.
The gnoll hits you with a +0 club.
You hit the gnoll. You kick the gnoll.
The gnoll is almost dead.
The gnoll hits you with a +0 club.
You barely miss the gnoll.
The gnoll is almost dead.
The gnoll closely misses you.
You hit the gnoll.
You kill the gnoll!
Your Short Blades skill increases to level 1!
You puncture the gnoll! You kick the gnoll.
The gnoll is almost dead.
The gnoll barely misses you. The gnoll hits you with a +0 whip.
You barely miss the gnoll. Your kick misses the gnoll.
The gnoll is almost dead.
The gnoll hits you with a +0 whip. The gnoll closely misses you.
You hit the gnoll.
You kill the gnoll!
The gnoll barely misses you.
You barely miss the gnoll. The gnoll barely misses you.
You hit the gnoll. Your kick misses the gnoll.
The gnoll is moderately wounded.
You closely miss the gnoll.
The gnoll is moderately wounded.
The gnoll hits you with a +0 flail.
You barely miss the gnoll. Your kick misses the gnoll.
The gnoll is moderately wounded.
The gnoll barely misses you.
You hit the gnoll.
The gnoll is severely wounded.
The gnoll hits you with a +0 flail.
You hit the gnoll but do no damage.
The gnoll is severely wounded.
The gnoll hits you with a +0 flail.
* * * LOW HITPOINT WARNING * * *
You hit the gnoll. Your kick misses the gnoll.
The gnoll is almost dead.
The gnoll hits you with a +0 flail!
You die...

#.........♣∩♣..<# #..# #..####
####.########..#######..# ##....#
..##.##.......♣......#..# ####†.
#.##.##.###.....[.......## ##.
#.##.##.# #.#######).....# ###
#.##.##.# #.#.........##.# #..
#.##.##.###.#.######..'..## #..
#....##......###...####...# #..
######......##.g@....##.[.#####..
.....'.....##).)###...#....÷...##
######.....#...##(##..#...###...#
#.#####..)##....##...# #...# ###
##...######....# #...#
##...........## #...#
###.........# #....
.).####....#.# #..[.
#........#####.# #....


You could see a gnoll.

Vanquished Creatures
  2 gnolls (D:2)
  An adder (D:2)
  A worm (D:2)
  A dart slug (D:1)
  2 endoplasms (D:1)
  2 giant cockroaches (D:1)
  2 goblins (D:2)
  3 hobgoblins
  A quokka (D:1)
  6 ball pythons
  3 bats
  2 frilled lizards
  5 kobolds (D:1)
  3 rats
34 creatures vanquished.

Notes
Turn   | Place    | Note
-------+----------+-------------------------------------------
     0 | D:1      | monsoonserge the Demonspawn Reaver began the quest for the
                  | Orb.
     0 | D:1      | Reached XP level 1. HP: 16/16 MP: 3/3
   104 | D:1      | Found Xicy's Book Shop.
   233 | D:1      | Found Lifiokar's Antique Armour Shop.
   239 | D:1      | Discovered your monstrous ancestry.
   239 | D:1      | Gained mutation: You have a pair of small antennae on your
                  | head. [demonic ancestry]
   239 | D:1      | Reached XP level 2. HP: 20/22 MP: 5/5
   444 | D:1      | Found Rymuth's Weapon Emporium.
   552 | D:1      | Reached skill level 1 in Necromancy
   724 | D:2      | Gained mutation: You have large cloven feet. [demonic
                  | ancestry]
   724 | D:2      | Reached XP level 3. HP: 17/28 MP: 6/6
   985 | D:2      | Found Qasi's Book Emporium.
  1036 | D:2      | Reached skill level 1 in Short Blades
  1045 | D:2      | Slain by a gnoll

Illustrated notes

Levels and vault maps discovered:
D:1:      scummos_arrival_checkerplants, layout_loops_ring, serial_shops, shop,
          shop, nicolae_shop_back_alley_shop
D:2:      layout_basic, serial_shops, nicolae_shop_trees, minmay_puff

Skill      XL: |  1  2  3 |
---------------+----------+-----
Dodging        | 2 |  2.0
Necromancy     | 1 |  1.0
Short Blades   | 1 |  1.2
Fighting       | |  2.8
Maces & Flails | |  2.8
Armour         | |  0.8
Spellcasting   | |  2.0
Conjurations   | |  3.3

Action                     || total
---------------------------++-------
  Melee: Mace              ||    24
         Short sword       ||    76
         Kick              ||     9
 Armour: Leather armour    ||    26
  Dodge: Dodged            ||    38
